 Dungeon Crawl Stone Soup version 0.16.2-12-gd0ad4c3 (webtiles) character file.

5972 Charly the Cleaver (level 10, -4/84 HPs)
             Began as a Vine Stalker Berserker on Oct 9, 2015.
             Was an Elder of Trog.
             Slain by an iron golem (23 damage)
             ... on level 12 of the Dungeon.
             The game lasted 00:38:40 (2055 turns).

Charly the Cleaver (Vine Stalker Berserker)         Turns: 2055, Time: 00:38:40

Health: -4/84      AC:  6    Str: 28    XL:     10   Next: 84%
Magic:  0/13       EV: 10    Int: 10    God:    Trog [****..]
Gold:   311        SH:  0    Dex: 14    Spells: 0 memorised, 9 levels left

rFire  + . .     SeeInvis .     a - +6 mace "Ehoihu" {flame, Int+3}
rCold  . . .     Clarity  +     n - +0 scale mail
rNeg   . . .     SustAb   .     (no shield)
rPois  .         Gourm    .     c - +1 hat
rElec  .         Spirit   +     q - +0 cloak
rCorr  .         Warding  .     (no gloves)
rMut   .         Stasis   .     C - +0 pair of boots
MR     +....                    d - amulet of clarity
Stlth  ..........               (no ring)
                                B - ring of protection from fire

@: berserking, very quick, somewhat resistant to hostile enchantments, extremely
unstealthy
A: fangs 3, deformed body, regeneration 2, spit poison 1, magic shield,
antimagic bite, no device heal 3, rot immunity
a: Spit Poison, Burn Spellbooks, Berserk, Trog's Hand, Brothers in Arms,
Renounce Religion


You were on level 12 of the Dungeon.
You worshipped Trog.
Trog was greatly pleased with you.
You were hungry.

You visited 3 branches of the dungeon, and saw 15 of its levels.
You also visited: Sewer.

You collected 311 gold pieces.

Inventory:

Hand weapons
 a - the +6 mace "Ehoihu" (weapon) {flame, Int+3}
   (You found it on level 6 of the Dungeon)

   It has been specially enchanted to burn those struck by it, causing extra
   injury to most foes and up to half again as much damage against particularly
   susceptible opponents.
   It affects your intelligence (+3).
 b - a +0 blowgun
 w - a +0 broad axe
 E - a +1 hand axe of flaming
Missiles
 v - a curare-tipped needle
 H - 19 poisoned needles
Armour
 c - a +1 hat (worn)
 n - a +0 scale mail (worn)
 q - a +0 cloak (worn)
 C - a +0 pair of boots (worn)
 F - a +0 plate armour
Jewellery
 d - an amulet of clarity (around neck)
 B - a ring of protection from fire (left hand)
Magical devices
 l - a wand of enslavement (13)
 s - a wand of disintegration (5)
Scrolls
 e - a scroll of enchant armour {unknown}
 h - a scroll of remove curse
 i - a scroll of noise {unknown}
 j - a scroll of teleportation {unknown}
 r - 2 scrolls of magic mapping
 u - a scroll of recharging {unknown}
 y - a scroll of immolation {unknown}
Potions
 f - 2 potions of restore abilities
 g - a potion of haste
 m - 5 potions of brilliance
 o - 7 potions of curing
 p - a potion of ambrosia {unknown}
 x - 4 potions of might {unknown}
 A - 2 potions of agility {unknown}
 D - a potion of poison {unknown}
 G - 2 potions of flight {unknown}
Books
 t - a book of Necromancy

   Spells                             Type                      Level
   a - Pain                           Necromancy                   1
   b - Animate Skeleton               Necromancy                   1
   c - Vampiric Draining              Necromancy                   3
   d - Regeneration                   Charms/Necromancy            3
   e - Animate Dead                   Necromancy                   4
   f - Control Undead                 Necromancy                   4
   Trog disapproves of the use of such an item.
Comestibles
 z - 2 meat rations


   Skills:
 + Level 7.8 Fighting
 * Level 12.6 Axes
 - Level 1.5 Armour
 - Level 1.5 Dodging


You had 9 spell levels left.
You didn't know any spells.

Dungeon Overview and Level Annotations

Branches:
Dungeon (12/15)            Temple (1/1) D:5            Lair (2/8) D:8
    Orc: D:9-12

Altars:
Ashenzari
Dithmenos
Elyvilon
Fedhas
Kikubaaqudgha
Makhleb
Okawaru
Qazlal
Sif Muna
Yredelemnul
Zin

Annotations:
D:5 2 exclusions


Innate Abilities, Weirdness & Mutations

You have razor-sharp teeth.
You heal very quickly.
When hurt, damage is shared between your health and your magic reserves.
Your bite disrupts and absorbs the magic of your enemies.
Potions and wands cannot restore your health.
You are immune to rotting.
Armour fits poorly on your strangely shaped body.
You can spit poison.


Message History

The white ugly thing closely misses you.
Unknown command.
You bludgeon the white ugly thing!! You burn the white ugly thing.
You kill the white ugly thing!
Trog accepts your kill.
Your ogre hits the iron golem with a giant club!
The iron golem hits you!
* * * LOW HITPOINT WARNING * * *
Unknown command.
You hit the iron golem.
You bite the iron golem, but do no damage.
The iron golem is heavily damaged.
Your ogre hits the iron golem with a giant club!
An iron golem comes into view.
You hit the iron golem.
You bite the iron golem, but do no damage.
The iron golem is severely damaged.
Your ogre hits the iron golem with a giant club!!!
The iron golem hits you!!
You die...

..# #..# #..#
#..# # #..# .#
#..# ..# #..#
..
#^.####.####..
#..@8O8.......
#<..†.....(.(.
#############


You could see 2 iron golems and a friendly ogre (berserk).

Vanquished Creatures
  Gastronok (D:9)
  An ugly thing (D:12)
  Maurice (D:9)
  A komodo dragon (Lair:1)
  3 blink frogs
  4 yaks (Lair:1)
  Eustachio (D:4)
  A wyvern (D:8)
  A hungry ghost (D:11)
  A hippogriff (D:8)
  A porcupine (Lair:1)
  An orc warrior (D:9)
  A sky beast (D:5)
  An ogre (D:4)
  3 centaurs
  Duvessa (D:6)
  A crocodile (Lair:1)
  3 big kobolds (Sewer)
  2 giant frogs
  Dowan (D:6)
  A crimson imp (D:9)
  A gnoll shaman (D:8)
  A goliath beetle (D:9)
  A quasit (D:9)
  5 orc priests
  3 hounds
  A jelly (D:6)
  9 orc wizards
  An iron imp (D:4)
  2 iguanas (D:6)
  A hound skeleton (D:4)
  A mummy (D:8)
  Robin (D:2)
  13 adders
  6 gnolls (D:8)
  4 river rats (Sewer)
  An elf zombie (D:6)
  A shadow imp (D:6)
  2 adder zombies
  4 giant geckos
  An ooze (Sewer)
  13 orcs
  6 giant cockroaches
  10 goblins
  12 hobgoblins
  7 jackals
  19 kobolds
  3 quokkas
  6 ball pythons
  4 bats
  2 giant newts
  2 jackal skeletons
  24 rats
198 creatures vanquished.

Notes
Turn   | Place    | Note
--------------------------------------------------------------
     0 | D:1      | Charly, the Vine Stalker Berserker, began the quest for the Orb.
     0 | D:1      | Reached XP level 1. HP: 11/11 MP: 1/1
    29 | D:1      | Reached skill level 3 in Axes
    50 | D:1      | Reached XP level 2. HP: 13/16 MP: 3/3
    77 | D:1      | Found a shattered altar of Ashenzari.
   134 | D:2      | Noticed Robin
   137 | D:2      | Reached XP level 3. HP: 12/19 MP: 4/4
   143 | D:2      | Reached skill level 4 in Axes
   144 | D:2      | Killed Robin
   153 | D:2      | Reached XP level 4. HP: 7/23 MP: 3/5
   250 | D:3      | Acquired Trog's second power
   318 | D:4      | Reached skill level 5 in Axes
   318 | D:4      | Reached XP level 5. HP: 27/27 MP: 7/7
   383 | D:4      | Noticed an ogre
   390 | D:4      | Killed an ogre
   390 | D:4      | Reached skill level 6 in Axes
   390 | D:4      | Gained mutation: You heal very quickly. [vine stalker growth]
   390 | D:4      | Reached XP level 6. HP: 32/32 MP: 8/8
   514 | D:4      | Noticed Eustachio
   525 | D:4      | Killed Eustachio
   525 | D:4      | Reached skill level 7 in Axes
   525 | D:4      | Reached XP level 7. HP: 35/35 MP: 9/9
   533 | D:5      | Entered Level 5 of the Dungeon
   560 | D:5      | Found a basalt altar of Yredelemnul.
   652 | D:5      | Found a glowing drain.
   685 | Sewer    | Entered a sewer
   778 | Sewer    | Reached skill level 8 in Axes
   907 | Sewer    | Gained mutation: You have razor-sharp teeth. [vine stalker growth]
   907 | Sewer    | Reached XP level 8. HP: 36/40 MP: 11/11
   970 | Sewer    | Acquired Trog's third power
  1104 | D:5      | Gained mutation: Armour fits poorly on your strangely shaped body. [mutagenic meat]
  1105 | D:5      | Gained mutation: You can spit poison. [mutagenic meat]
  1116 | D:5      | Found a staircase to the Ecumenical Temple.
  1146 | Temple   | Entered the Ecumenical Temple
  1170 | D:6      | Got a smoking mace
  1171 | D:6      | Identified the +6 mace "Ehoihu" {flame, Int+3} (You found it on level 6 of the Dungeon)
  1197 | D:6      | Noticed Dowan
  1200 | D:6      | Noticed Duvessa
  1206 | D:6      | Killed Duvessa
  1211 | D:6      | Killed Dowan
  1238 | D:6      | Reached skill level 9 in Axes
  1404 | D:8      | Found a deep blue altar of Sif Muna.
  1416 | D:8      | Reached XP level 9. HP: 16/46 MP: 10/12
  1418 | D:8      | Found a blossoming altar of Fedhas.
  1437 | D:8      | Found a stormy altar of Qazlal.
  1451 | D:8      | Found a staircase to the Lair.
  1465 | Lair:1   | Entered Level 1 of the Lair of Beasts
  1479 | Lair:2   | Reached skill level 5 in Fighting
  1479 | Lair:2   | Reached skill level 10 in Axes
  1538 | Lair:1   | HP: 1/72 [yak (9)]
  1540 | Lair:1   | Reached skill level 11 in Axes
  1564 | Lair:1   | Noticed a komodo dragon
  1597 | Lair:1   | Killed a komodo dragon
  1655 | Lair:1   | Reached XP level 10. HP: 41/53 MP: 9/13
  1687 | Lair:1   | Noticed a spiny frog
  1745 | D:9      | Noticed Maurice
  1763 | D:9      | Killed Maurice
  1887 | D:9      | Noticed Gastronok
  1919 | D:9      | Killed Gastronok
  1919 | D:9      | Reached skill level 12 in Axes
  1963 | D:10     | Entered Level 10 of the Dungeon
  2038 | D:12     | Noticed a white ugly thing
  2043 | D:12     | Noticed an iron golem
  2053 | D:12     | Killed a white ugly thing
  2055 | D:12     | Noticed an iron golem
  2055 | D:12     | Slain by an iron golem

Action                   |  1- 3 |  4- 6 |  7- 9 | 10-12 || total
-------------------------+-------+-------+-------+-------++-------
Melee: Hand axe          |    48 |    55 |   128 |       ||   231
       Mace              |       |       |    89 |    70 ||   159
 Fire: Blowgun           |       |       |    13 |    13 ||    26
Invok: Berserk           |     1 |     4 |     4 |     3 ||    12
       Trog's Hand       |       |       |     1 |     1 ||     2
       Burn Spellbooks   |       |       |       |     1 ||     1
       Brothers in Arms  |       |       |       |     1 ||     1
  Use: Scroll            |       |     3 |     4 |       ||     7
  Eat: Fruit             |       |     1 |       |       ||     1
       Chunk             |       |     2 |     4 |     3 ||     9
       Beef jerky        |       |       |     2 |     1 ||     3
       Bread ration      |       |       |     1 |       ||     1
